 Dungeon Crawl Stone Soup version 0.20.0-9-g8272e65 (webtiles) character file.

2209 RKaid the Digger (level 9, -7/96 HPs)
             Began as an Ogre Earth Elementalist on June 3, 2017.
             Was a Follower of Fedhas.
             Killed by divine providence
             ... invoked by an orc priest
              (15 damage)
             ... on level 8 of the Dungeon.
             The game lasted 00:34:38 (8527 turns).

RKaid the Digger (Ogre Earth Elementalist)          Turns: 8527, Time: 00:34:39

Health: -7/96      AC:  5    Str: 14    XL:     9   Next: 34%
Magic:  16/16      EV: 10    Int: 19    God:    Fedhas [*.....]
Gold:   413        SH:  0    Dex:  9    Spells: 1/18 levels left

rFire    + . .     SeeInvis .   a - +0 quarterstaff
rCold    . . .     Gourm    .   (shield currently unavailable)
rNeg     . . .     Faith    .   c - +1 robe
rPois    .         Spirit   .   (helmet restricted)
rElec    +         Reflect  .   E - +0 cloak
rCorr    .         Harm     .   (gloves unavailable)
MR       .....                  (boots unavailable)
Stlth    +.........             (no amulet)
Regen    0.3/turn               O - ring of protection from fire {rF+}
MPRegen  0.2/turn               (no ring)

@: hasted, very quick
A: unfitting armour, horns 1, blurry vision 1, robust 1, electricity resistance,
tough skin 1, subdued magic 1
a: Fungal Bloom, Evolution, Renounce Religion


You were on level 8 of the Dungeon.
You worshipped Fedhas.
Fedhas was aware of your devotion.
You were not hungry.

You visited 1 branch of the dungeon, and saw 8 of its levels.
You also visited: Ossuary.

You collected 413 gold pieces.

Inventory:

Hand Weapons
 a - a +0 quarterstaff (weapon)
   (You took it off an orc on level 7 of the Dungeon)
 b - a +1 trident
   (You found it on level 2 of the Dungeon)
 n - a +0 hunting sling
   (You found it on level 2 of the Dungeon)
Missiles
 l - 35 sling bullets
 C - 5 javelins (quivered)
 D - 107 stones
Armour
 c - a +1 robe (worn)
 E - a +0 cloak (worn)
   (You found it on level 5 of the Dungeon)
 H - a +2 shield of fire resistance
   (You acquired it on level 6 of the Dungeon)
Jewellery
 f - an uncursed amulet of faith {Faith, !P}
   (You found it on level 1 of the Dungeon)
 u - an uncursed ring of protection from cold {unknown}
   (You found it on level 8 of the Dungeon)
 v - an uncursed amulet of guardian spirit {unknown}
   (You found it on level 5 of the Dungeon)
 y - an uncursed ring of fire {rF+, rC-}
   (You found it on level 1 of the Dungeon)
 O - a ring of protection from fire (left hand) {rF+}
   (You found it on level 6 of the Dungeon)
 Q - an uncursed ring of ice {rC+, rF-}
   (You found it on level 7 of the Dungeon)
Wands
 A - a wand of acid (9/15)
   (You found it on level 6 of the Dungeon)
 S - a wand of disintegration (7/24)
   (You found it on level 3 of the Dungeon)
 T - a wand of flame (32/48)
   (You found it on level 8 of the Dungeon)
Scrolls
 j - 7 scrolls of teleportation
 k - a scroll of enchant armour
 o - 4 scrolls of magic mapping {!r}
 q - a scroll of immolation {!r}
 x - a scroll of amnesia
 G - 2 scrolls of recharging
 M - 2 scrolls of enchant weapon
Potions
 g - 2 potions of haste
 h - 2 potions of lignification {unknown}
 m - 9 potions of curing
 r - 2 potions of mutation {unknown}
 B - 3 potions of agility
 F - 2 potions of cancellation {unknown}
 I - 2 potions of invisibility {unknown}
 J - a potion of brilliance {unknown}
 K - 2 potions of heal wounds {unknown}
 L - a potion of resistance {unknown}
 N - a potion of berserk rage {unknown}
 P - a potion of degeneration {unknown}
 R - 3 potions of might {unknown}
Books
 e - a book of Geomancy
 i - a book of Conjurations
   (You found it on level 4 of the Dungeon)
 z - a book of Changes
   (You found it on level 6 of the Dungeon)
Comestibles
 d - 4 bread rations
 p - a meat ration
 t - 4 fruits


   Skills:
 + Level 5.6 Fighting
 - Level 1.7 Dodging
 - Level 1.4 Stealth
 - Level 5.1 Spellcasting
 - Level 6.0 Conjurations
   Level 0.8 Transmutations
 + Level 7.4 Earth Magic
 + Level 2.5 Invocations


You had one spell level left.
You knew the following spells:

 Your Spells              Type           Power        Failure   Level  Hunger
a - Magic Dart            Conj           ###.         1%          1    None
b - Sandblast             Erth           ####..       1%          1    None
c - Stone Arrow           Conj/Erth      ###...       1%          3    ##.....
d - Dazzling Spray        Conj/Hex       ##....       9%          3    ##.....
e - Iskenderun's Mystic   Conj           ###.....     8%          4    ####...
f - Lee's Rapid Deconstr  Erth           ####......   13%         5    ######.


Dungeon Overview and Level Annotations

Branches:
Dungeon (8/15)             Temple (0/1) D:4
   Lair: D:8-11

Altars:
Dithmenos
Elyvilon
Fedhas
Hepliaklqana
Makhleb
Okawaru
Qazlal
Ru
Sif Muna
Trog
The Shining One

Shops:
D:4 *

Annotations:
D:4 exclusion: Ijyb, Ijyb; Zigma's ghost, amateur DrMo
D:5 Eustachio


Innate Abilities, Weirdness & Mutations

You are too large for most types of armour.
You have tough skin. (AC +1)
You have a pair of small horns on your head.
Scrolls take you a little longer to read.
You are robust. (+10% HP)
You are resistant to electric shocks. (rElec)
Your spells are a little easier to cast, but a little less powerful.


Message History

You climb downwards.
There is a stone staircase leading up here.
s - 2 scrolls of fog (gained 1)
Found a stone staircase leading down.
You now have 413 gold pieces (gained 17).
There is a stone staircase leading down here.
T - a wand of flame (?/48)
o - 4 scrolls of magic mapping {!r} (gained 1)
U - a scroll labeled CEXTEZ EPEVIW You begin reading the scroll.
You continue reading the scroll.
As you read the scroll labeled CEXTEZ EPEVIW, it crumbles to dust.
You feel as if something is helping you.
It was a scroll of remove curse.
Drop what? 46/52 slots (_ for help) (? for menu, Esc to quit)
You are now empty-handed.
You drop a -2 whip.
Wield which item (- for none, * to show all)? (? for menu, Esc to quit)
D - a +1 trident (weapon)
Wield which item (- for none, * to show all)? (? for menu, Esc to quit)
S - a +0 quarterstaff (weapon)
Adjust (i)tems, (s)pells, or (a)bilities?
Adjust which item? (? for menu, Esc to quit)
S - a +0 quarterstaff (weapon)
Adjust to which letter? (? for menu, Esc to quit)
a - a +0 quarterstaff (weapon)
S - a wand of disintegration (?/24) {zapped: 17} Adjust (i)tems, (s)pells, or (a)bilities?
Adjust which item? (? for menu, Esc to quit)
D - a +1 trident Adjust to which letter? (? for menu, Esc to quit)
b - a +1 trident;
D - 107 stones
m - 9 potions of curing (gained 1)
The centaur shouts!
The centaur wields a glowing shortbow.
The centaur shoots an arrow.
The arrow hits you but does no damage.
You see here an arrow.
The centaur shoots an arrow.
The arrow hits you!!
You see here an arrow.
The orc shouts!
The centaur shoots an arrow.
The arrow hits you.
The orc throws a tomahawk.
The tomahawk hits you but does no damage.
Found a white marble altar of Elyvilon.
A jelly comes into view.
Things that are here:
a tomahawk; an arrow Really read with blurry vision while enemies are nearby? [Y]es or [N]o only, please.
Really read with blurry vision while enemies are nearby?
The warg howls!
The centaur shoots an arrow.
The arrow hits you!
You begin reading the scroll.
You continue reading the scroll.
The orc throws a tomahawk.
The tomahawk hits you!
The centaur shoots an arrow.
The arrow hits you!
As you read the scroll of teleportation, it crumbles to dust.
You feel strangely unstable.
Really read with blurry vision while enemies are nearby?
The centaur shoots an arrow.
The arrow hits you.
You begin reading the scroll.
You continue reading the scroll.
The centaur shoots an arrow.
The arrow hits you but does no damage.
As you read the scroll of fog, it crumbles to dust.
The scroll dissolves into smoke.
Your surroundings suddenly seem different.
The centaur shoots an arrow.
The arrow hits you!
* * * LOW HITPOINT WARNING * * *
x2 The centaur shoots an arrow.
The arrow hits you.
* * * LOW HITPOINT WARNING * * *
x2 You see here 2 arrows.
Okay, then.
Okay, then.
Really read with blurry vision while enemies are nearby?
You begin reading the scroll.
You continue reading the scroll.
The centaur shoots an arrow.
The arrow hits you.
* * * LOW HITPOINT WARNING * * *
x2 The centaur shoots an arrow.
The arrow hits you!
* * * LOW HITPOINT WARNING * * *
x2
As you read the scroll of fog, it crumbles to dust.
The scroll dissolves into smoke.
You feel yourself speed up.
You begin reading the scroll.
You continue reading the scroll.
As you read the scroll of teleportation, it crumbles to dust.
You feel strangely unstable.
There is an open door here.
Your surroundings suddenly seem different.
A warg comes into view.
The warg howls!
Really read with blurry vision while enemies are nearby?
Okay, then.
The warg stops to sniff the ground.
Really read with blurry vision while enemies are nearby?
You begin reading the scroll.
You continue reading the scroll.
As you read the scroll of teleportation, it crumbles to dust.
You feel strangely unstable. The warg bites you.
* * * LOW HITPOINT WARNING * * *
Your surroundings suddenly seem different.
An orc priest comes into view.
The orc priest shouts!
The orc priest mumbles some strange prayers to Beogh against you.
Beogh smites you!
You die...
Fedhas appreciates your contribution to the ecosystem.

#........
#........
#........
#....o..$
#........
#........
#........
#@.......
###......
....#
...# ..#
#.. .#
####.. #
#.....
#.....


You could see an orc priest.

Vanquished Creatures
  Sigmund (D:5)
  A warg (D:7)
  A water moccasin (D:6)
  3 phantoms
  2 sky beasts (D:7)
  A black bear (D:6)
  An ice beast (D:6)
  An ogre (D:4)
  2 centaurs
  An elf zombie (Ossuary)
  A wyvern skeleton (D:6)
  2 scorpions
  2 centaur zombies
  An orc priest (D:3)
  2 bullfrog skeletons
  4 hounds
  4 jellies
  A centaur skeleton (D:5)
  4 worker ants (D:4)
  A hound skeleton (D:4)
  2 mummies (Ossuary)
  4 gnolls
  7 adders
  2 shadow imps
  2 adder skeletons
  A dart slug (D:2)
  4 leopard geckos
  13 orcs
  4 giant cockroaches
  5 goblins
  3 hobgoblins
  8 jackals
  5 kobolds
  3 quokkas
  A ball python (D:4)
  5 bats
  4 frilled lizards
  9 rats
118 creatures vanquished.

Vanquished Creatures (others)
  30 toadstools
30 creatures vanquished.

Grand Total: 148 creatures vanquished

Notes
Turn   | Place    | Note
-------+----------+-------------------------------------------
     0 | D:1      | RKaid the Ogre Earth Elementalist began the quest for the Orb.
     0 | D:1      | Reached XP level 1. HP: 16/16 MP: 3/3
   310 | D:1      | Reached skill level 3 in Earth Magic
   389 | D:1      | Reached XP level 2. HP: 24/24 MP: 2/5
  1050 | D:2      | Reached XP level 3. HP: 31/31 MP: 4/7
  1122 | D:2      | Learned a level 3 spell: Stone Arrow
  1451 | D:2      | Found a blossoming altar of Fedhas.
  1466 | D:2      | Found a burning altar of Makhleb.
  1516 | D:2      | Reached skill level 4 in Earth Magic
  1688 | D:2      | Became a worshipper of Fedhas Madash
  1823 | D:3      | Reached XP level 4. HP: 39/39 MP: 2/8
  2113 | D:3      | Reached skill level 3 in Spellcasting
  2361 | D:4      | Reached XP level 5. HP: 45/45 MP: 5/10
  2437 | D:4      | Noticed Zigma's ghost (amateur DrMo)
  2522 | D:4      | Noticed an ogre
  2679 | D:4      | Noticed a phantom
  2877 | D:4      | Reached skill level 1 in Conjurations
  2877 | D:4      | Reached skill level 5 in Earth Magic
  2881 | D:4      | Killed an ogre
  2881 | D:4      | Reached skill level 4 in Spellcasting
  2881 | D:4      | Reached XP level 6. HP: 53/53 MP: 1/12
  2995 | D:4      | Found a staircase to the Ecumenical Temple.
  3071 | D:4      | Learned a level 1 spell: Magic Dart
  3134 | D:4      | Noticed Ijyb
  3801 | D:4      | Found Gapoy's Assorted Antiques.
  3835 | D:4      | Killed a phantom
  3835 | D:4      | Reached skill level 2 in Conjurations
  3835 | D:4      | Reached XP level 7. HP: 50/59 MP: 0/13
  4232 | D:5      | Entered Level 5 of the Dungeon
  4693 | D:5      | Noticed Eustachio
  4924 | D:5      | Noticed Sigmund
  4971 | D:5      | Killed Sigmund
  4971 | D:5      | Reached skill level 3 in Conjurations
  4971 | D:5      | Reached skill level 6 in Earth Magic
  5266 | D:5      | Reached skill level 5 in Spellcasting
  5632 | D:5      | Reached skill level 1 in Fighting
  5632 | D:5      | Reached XP level 8. HP: 70/70 MP: 3/15
  5728 | D:5      | Learned a level 3 spell: Dazzling Spray
  5733 | D:5      | Learned a level 4 spell: Iskenderun's Mystic Blast
  5739 | D:5      | Learned a level 5 spell: Lee's Rapid Deconstruction
  5744 | D:6      | Reached skill level 4 in Conjurations
  5800 | D:6      | Reached skill level 2 in Fighting
  6072 | D:6      | Found a bloodstained altar of Trog.
  6114 | D:6      | Reached skill level 3 in Fighting
  6114 | D:6      | Reached skill level 5 in Conjurations
  6146 | D:6      | Identified a scroll of acquirement
  6180 | D:6      | Found a sand-covered staircase.
  6185 | Ossuary  | Entered an ossuary
  6784 | D:6      | Reached skill level 4 in Fighting
  6925 | D:6      | Reached skill level 7 in Earth Magic
  7154 | D:7      | Found a bloodstained altar of Trog.
  7154 | D:7      | Found a deep blue altar of Sif Muna.
  7155 | D:7      | Found a shadowy altar of Dithmenos.
  7175 | D:7      | Found a hazy altar of Hepliaklqana.
  7175 | D:7      | Found a sacrificial altar of Ru.
  7201 | D:7      | Reached skill level 6 in Conjurations
  7201 | D:7      | Reached XP level 9. HP: 75/85 MP: 1/16
  7334 | D:7      | Reached * piety under Fedhas
  7347 | D:7      | Found a stormy altar of Qazlal.
  7424 | D:7      | Found an iron altar of Okawaru.
  7561 | D:7      | Reached skill level 1 in Invocations
  7692 | D:7      | Reached skill level 5 in Fighting
  7912 | D:7      | Found a glowing golden altar of the Shining One.
  7967 | D:7      | Reached skill level 2 in Invocations
  7970 | D:7      | Gained mutation: You have a pair of small horns on your head. [mutagenic meat]
  7971 | D:7      | Gained mutation: You are resistant to electric shocks. (rElec) [mutagenic meat]
  7972 | D:7      | Gained mutation: Scrolls take you a little longer to read. [mutagenic meat]
  7974 | D:7      | Gained mutation: You are robust. (+10% HP) [mutagenic meat]
  7975 | D:7      | Gained mutation: Your spells are a little easier to cast, but a little less powerful. [mutagenic meat]
  8488 | D:8      | Found a white marble altar of Elyvilon.
  8496 | D:8      | HP: 20/96 [centaur/arrow (6)]
  8498 | D:8      | HP: 8/96 [centaur/arrow (2)]
  8523 | D:8      | HP: 7/96 [warg (5)]
  8527 | D:8      | Killed from afar by an orc priest

Skill      XL: |  1  2  3  4  5  6  7  8  9 |
---------------+----------------------------+-----
Earth Magic    | 3 4 5 6 7 |  7.4
Spellcasting   | 3 4 5 |  5.1
Conjurations   | 1 2 3 6 |  6.0
Fighting       | 1 4 5 |  5.6
Invocations    | 2 |  2.5
Dodging        | |  1.7
Stealth        | |  1.4
Transmutations | |  0.8

Action                   |  1- 3 |  4- 6 |  7- 9 || total
-------------------------+-------+-------+-------++-------
Melee: Whip              |     5 |     3 |    27 ||    35
       Headbutt          |       |       |     1 ||     1
 Cast: Sandblast         |    65 |    64 |    59 ||   188
       Stone Arrow       |       |    10 |    22 ||    32
       Magic Dart        |       |    12 |   130 ||   142
       Dazzling Spray    |       |       |     2 ||     2
       Lee's Rapid Decon |       |       |     3 ||     3
       Iskenderun's Myst |       |       |     2 ||     2
Invok: Fungal Bloom      |     1 |     7 |     7 ||    15
Evoke: Wand              |       |       |     7 ||     7
  Use: Scroll            |    10 |     4 |     8 ||    22
       Potion            |       |       |     3 ||     3
 Stab: Sleeping          |       |       |     1 ||     1
  Eat: Chunk             |     3 |     1 |     8 ||    12
       Fruit             |       |     1 |       ||     1
       Royal jelly       |       |     2 |     1 ||     3
       Meat ration       |       |     1 |     2 ||     3
Armor: Robe              |    15 |     8 |    32 ||    55
Dodge: Dodged            |    22 |    29 |    57 ||   108

Table legend:
 A = Turns spent in this place as a percentage of turns spent in the entire game.
 B = Non-inter-level travel turns spent in this place as a percentage of non-inter-level travel turns spent in the entire game.
 C = Inter-level travel turns spent in this place as a percentage of turns spent in this place.
 D = Turns resting spent in this place as a percentage of non-inter-level travel turns spent in this place.
 E = Turns spent auto-exploring this place as a percentage of non-inter-level travel turns spent in this place.
 F = Non-inter-level travel turns spent in this place divided by the number of levels of this place that you've seen.
                   A       B       C       D       E      F
               +-------+-------+-------+-------+-------+----------------------
         Total | 100.0 | 100.0 |   0.8 |   6.4 |   4.7 | 279.2
       Dungeon |  95.1 |  95.1 |   0.8 |   6.4 |   5.0 | 298.8
       Ossuary |   4.9 |   4.9 |   0.0 |   6.5 |   0.0 | 123.0
               +-------+-------+-------+-------+-------+----------------------

Table legend:
 A = Kills in this place as a percentage of kills in entire the game.
 B = Kills by you in this place as a percentage of kills by you in the entire game.
 C = Kills by friends in this place as a percentage of kills by friends in the entire game.
 D = Other kills in this place as a percentage of other kills in the entire game.
 E = Experience gained in this place as a percentage of experience gained in the entire game.
 F = Experience gained in this place divided by the number of levels of this place that you have seen.
                   A       B       C       D       E      F
               +-------+-------+-------+-------+-------+----------------------
         Total | 100.0 | 100.0 |  -nan |  -nan | 100.0 | 350.7
       Dungeon |  96.6 |  96.6 |  -nan |  -nan |  94.2 | 371.6
       Ossuary |   3.4 |   3.4 |  -nan |  -nan |   5.8 | 183.0
               +-------+-------+-------+-------+-------+----------------------
